 Dungeon Crawl Stone Soup version 0.28-a0-1493-g08698888e4 (webtiles) character file.

Game seed: 8022633521645875335

658313 Arum the Conqueror (level 27, -21/239 HPs)
             Began as a Formicid Fighter on Nov 26, 2019.
             Was a High Priest of Okawaru.
             Demolished by a rockslime (27 damage)
             ... created by the Royal Jelly
             ... on level 5 of the Pits of Slime on Jan 12, 2022.
             The game lasted 03:32:58 (62381 turns).

Arum the Conqueror (Formicid Fighter)              Turns: 62381, Time: 03:32:59

Health: -21/239    AC: 35    Str: 51    XL:     27
Magic:  29/37      EV: 22    Int: 10    God:    Okawaru [*****.]
Gold:   3801       SH: 18    Dex: 17    Spells: 20/26 levels left

rFire   . . .      SeeInvis +   S - +5 lajatang "Seoghaacw" {vorpal, Will++ Str+4 Dex+2}
rCold   . . .      Faith    .   k - +0 kite shield "Ugaew" {+Inv rN++ rCorr Dex-2}
rNeg    + + .      Spirit   .   G - +15 Maxwell's patent armour {-Cast -Tele rElec Will+ rCorr}
rPois   +          Reflect  .   (helmet unavailable)
rElec   +          Harm     .   z - +1 cloak of the Buccaneer {-Tele Regen+ Dex+7}
rCorr   +          Rampage  .   R - +1 pair of gloves
Will    +++++      Clarity  +   P - +0 pair of boots "Xiriaz" {Will- rCorr Str+7 Stlth-}
Stlth   .......... NoCast   +   y - amulet of Vitality {Regen+ HP+15}
HPRegen 2.89/turn               U - ring "Cucaegat" {Wiz +Inv Str+10}
MPRegen 0.25/turn               m - ring "Vygu" {rElec rPois Will++ SInv}

@: heroic, finesse-ful, engulfed (cannot breathe), corroded
A: permanent stasis, dig shafts and tunnels, antennae 3, four strong arms,
iridescent scales 1, clarity, dopey 1, frail 1, regeneration 1
}: 4/15 runes: barnacled, silver, abyssal, gossamer
a: Dig, Shaft Self, Renounce Religion, Evoke Invisibility, Heroism, Finesse,
Duel


You were on level 5 of the Pits of Slime.
You worshipped Okawaru.
Okawaru was extremely pleased with you.
You visited 11 branches of the dungeon, and saw 53 of its levels.
You visited the Abyss 1 time.
You visited 1 bazaar.
You also visited: Bailey and Gauntlet.

You collected 10025 gold pieces.
You spent 6224 gold pieces at shops.

Inventory:

Hand Weapons
 C - a +6 lajatang of protection
 D - the +7 Singing Sword {vorpal, sonic wave}
   (You found it on level 3 of the Crypt)

   It inflicts extra damage upon your enemies.
   It radiates damaging sonic waves as it strikes, especially in combat
   involving dangerous or numerous foes.
 J - the +5 scythe "Finisher" {speed, eviscerate}
   (You found it on level 3 of the Crypt)

   Attacks with this weapon are significantly faster.
   It may eviscerate those it strikes, slaying them instantly, with a decreasing
   chance against stronger foes.
 K - the +0 quarterstaff of the Crawling Thing {vamp, rF++ rN+ Str+4 Stlth+}
   (Okawaru gifted it to you on level 2 of the Orcish Mines)

   It occasionally heals its wielder for a portion of the damage dealt when it
   wounds a living foe.
   Str:       It affects your strength (+4).
   rF:        It greatly protects you from fire.
   rN:        It protects you from negative energy.
   Stlth:     It makes you more stealthy.
 S - the +5 lajatang "Seoghaacw" (weapon) {vorpal, Will++ Str+4 Dex+2}
   (You found it on level 3 of the Elven Halls)

   It inflicts extra damage upon your enemies.
   Str:       It affects your strength (+4).
   Dex:       It affects your dexterity (+2).
   Will:      It greatly increases your willpower.
Missiles
 x - 51 javelins (quivered)
 E - 6 throwing nets
 Y - 16 silver javelins
Armour
 k - the +0 kite shield "Ugaew" (worn) {+Inv rN++ rCorr Dex-2}
   (Okawaru gifted it to you on level 4 of the Depths)

   Dex:       It affects your dexterity (-2).
   rN:        It greatly protects you from negative energy.
   +Inv:      It lets you turn invisible.
   rCorr:     It protects you from acid and corrosion.
 z - the +1 cloak of the Buccaneer (worn) {-Tele Regen+ Dex+7}
   (You acquired it on level 1 of the Vaults)

   Dex:       It affects your dexterity (+7).
   -Tele:     It prevents most forms of teleportation.
   Regen:     It increases your rate of health regeneration.
 G - the +15 Maxwell's patent armour (worn) {-Cast -Tele rElec Will+ rCorr}
   (Okawaru gifted it to you on level 13 of the Dungeon)

   rElec:     It insulates you from electricity.
   -Cast:     It prevents spellcasting.
   -Tele:     It prevents most forms of teleportation.
   rCorr:     It protects you from acid and corrosion.
   Will:      It increases your willpower.
 P - the +0 pair of boots "Xiriaz" (worn) {Will- rCorr Str+7 Stlth-}
   (Okawaru gifted it to you on level 10 of the Dungeon)

   Str:       It affects your strength (+7).
   rCorr:     It protects you from acid and corrosion.
   Will:      It decreases your willpower.
   Stlth:     It makes you less stealthy.
 R - a +1 pair of gloves (worn)
 W - a +2 cloak of poison resistance
Jewellery
 m - the ring "Vygu" (right hand) {rElec rPois Will++ SInv}
   (You found it on level 3 of the Elven Halls)

   [ring of poison resistance]

   rElec:     It insulates you from electricity.
   rPois:     It protects you from poison.
   SInv:      It lets you see invisible.
   Will:      It greatly increases your willpower.
 s - a ring of protection from cold
 y - the amulet of Vitality (around neck) {Regen+ HP+15}
   (You found it on level 4 of the Shoals)

   [amulet of regeneration]

   HP:        It affects your health (+15).
   Regen:     It increases your rate of health regeneration.
 F - the ring "Taodoin" {Contam Fly rElec rCorr Slay+4}
   (You found it on level 3 of the Shoals)

   [ring of slaying]

   Slay:      It affects your accuracy & damage with ranged weapons and melee
   (+4).
   rElec:     It insulates you from electricity.
   Fly:       It grants you flight.
   Contam:    It causes magical contamination when unequipped.
   rCorr:     It protects you from acid and corrosion.
 M - the ring "Kowag" {Fly rN+ Will++}
   (You found it on level 3 of the Crypt)

   [ring of positive energy]

   rN:        It protects you from negative energy.
   Fly:       It grants you flight.
   Will:      It greatly increases your willpower.
 U - the ring "Cucaegat" (left hand) {Wiz +Inv Str+10}
   (You found it on level 14 of the Dungeon)

   [ring of wizardry]

   It improves your spell success rate.
   Str:       It affects your strength (+10).
   +Inv:      It lets you turn invisible.
 X - a ring of protection from fire
Wands
 I - a wand of acid (38)
 N - a wand of iceblast (65)
 Z - a wand of digging (16)
Scrolls
 c - 6 scrolls of fear
 g - 8 scrolls of fog
 l - 16 scrolls of removedness
 A - 7 scrolls of magic mapping
 O - 3 scrolls of enchant armour
Potions
 b - 5 potions of ambrosia
 d - 10 potions of might
 e - 4 potions of mutation
 h - 9 potions of resistance
 i - 13 potions of flight
 j - 11 potions of brilliance
 n - 18 potions of heal wounds
 o - 12 potions of lignification
 p - 6 potions of magic
 q - 4 potions of cancellation
 w - 27 potions of curing
 H - 5 potions of attraction
 Q - 4 potions of invisibility
Miscellaneous
 a - a phantom mirror
 L - a box of beasts
 V - a tin of tremorstones (inert)
Comestibles
 f - 58 removed foods


   Skills:
 O Level 27 Fighting
 + Level 7.9(19.6) Polearms
 - Level 19.0(24.5) Staves
 - Level 16.7(21.7) Throwing
 - Level 23.5(27) Armour
 + Level 16.6(21.6) Dodging
 - Level 24.7(27) Shields
 + Level 20.0 Invocations


You had 20 spell levels left.
You knew the following spells:

 Your Spells              Type           Power      Damage    Failure   Level
a - Statue Form           Tmut/Erth      0%         N/A       100%        6

Your spell library contained the following spells:

 Spells                   Type           Power      Damage    Failure   Level
 Apportation              Tloc           0%         N/A       26%         1
 Beastly Appendage        Tmut           0%         N/A       26%         1
 Corona                   Hex            0%         N/A       26%         1
 Magic Dart               Conj           0%         1d3       26%         1
 Pain                     Necr           0%         1d4       26%         1
 Shock                    Conj/Air       0%         1d3       26%         1
 Slow                     Hex            0%         N/A       26%         1
 Corpse Rot               Necr/Air       0%         N/A       38%         2
 Ensorcelled Hibernation  Hex/Ice        0%         N/A       38%         2
 Passwall                 Tmut/Erth      0%         N/A       38%         2
 Searing Ray              Conj           0%         2d4       38%         2
 Static Discharge         Conj/Air       0%         N/A       38%         2
 Sublimation of Blood     Necr           0%         N/A       38%         2
 Wereblood                Tmut           0%         N/A       38%         2
 Confusing Touch          Hex            0%         N/A       61%         3
 Conjure Flame            Conj/Fire      0%         6-21      61%         3
 Ignite Poison            Fire/Tmut/Pois 0%         N/A       61%         3
 Inner Flame              Hex/Fire       0%         N/A       61%         3
 Mephitic Cloud           Conj/Pois/Air  0%         N/A       61%         3
 Ozocubu's Armour         Ice            0%         N/A       61%         3
 Spider Form              Tmut/Pois      0%         N/A       61%         3
 Vampiric Draining        Necr           0%         2d6       61%         3
 Airstrike                Air            0%         N/A       93%         4
 Cause Fear               Hex            0%         N/A       93%         4
 Dispel Undead            Necr           0%         3d6       93%         4
 Fulminant Prism          Conj/Hex       0%         3d6       93%         4
 Hailstorm                Conj/Ice       0%         3d3       93%         4
 Iskenderun's Mystic Bla  Conj/Tloc      0%         2d3       93%         4
 Leda's Liquefaction      Hex/Erth       0%         N/A       93%         4
 Passage of Golubria      Tloc           0%         N/A       93%         4
 Sticky Flame             Conj/Fire      0%         2d3       93%         4
 Agony                    Necr           0%         N/A       99%         5
 Alistair's Intoxication  Tmut/Pois      0%         N/A       99%         5
 Blade Hands              Tmut           0%         N/A       99%         5
 Bolt of Magma            Conj/Fire/Erth 0%         4d4       99%         5
 Borgnjor's Vile Clutch   Necr/Erth      0%         N/A       99%         5
 Irradiate                Conj/Tmut      0%         3d13      99%         5
 Iskenderun's Battlesphe  Conj           0%         2d6       99%         5
 Lee's Rapid Deconstruct  Erth           0%         3d5*      99%         5
 Lightning Bolt           Conj/Air       0%         1d11      99%         5
 Silence                  Hex/Air        0%         N/A       99%         5
 Yara's Violent Unravell  Hex/Tmut       0%         3d3       99%         5
 Conjure Ball Lightning   Conj/Air       0%         3x3d6     100%        6
 Eringya's Noxious Bog    Tmut/Pois      0%         N/A       100%        6
 Invisibility             Hex            0%         N/A       100%        6
 Iron Shot                Conj/Erth      0%         9d1       100%        6
 Dragon Form              Tmut           0%         N/A       100%        7
 Orb of Destruction       Conj           0%         N/A       100%        7
 Ozocubu's Refrigeration  Ice            0%         4d5       100%        7
 Discord                  Hex            0%         N/A       100%        8
 Disjunction              Tloc           0%         N/A       100%        8
 Lehudib's Crystal Spear  Conj/Erth      0%         10d2      100%        8
 Shatter                  Erth           0%         3d5*      100%        9
 Animate Skeleton         Necr           Unusable   N/A       N/A         1
 Summon Small Mammal      Summ           Unusable   N/A       N/A         1
 Blink                    Tloc           Unusable   N/A       N/A         2
 Call Imp                 Summ           Unusable   N/A       N/A         2
 Call Canine Familiar     Summ           Unusable   N/A       N/A         3
 Summon Guardian Golem    Hex/Summ       Unusable   N/A       N/A         3
 Swiftness                Air            Unusable   N/A       N/A         3
 Tukima's Dance           Hex            Unusable   N/A       N/A         3
 Animate Armour           Summ/Erth      Unusable   N/A       N/A         4
 Animate Dead             Necr           Unusable   N/A       N/A         4
 Summon Forest            Summ/Tloc      Unusable   N/A       N/A         5
 Death Channel            Necr           Unusable   N/A       N/A         6
 Shadow Creatures         Summ           Unusable   N/A       N/A         6
 Spellforged Servitor     Conj/Summ      Unusable   N/A       N/A         7
 Summon Hydra             Summ           Unusable   N/A       N/A         7

Dungeon Overview and Level Annotations

Branches:
Dungeon (15/15)            Temple (0/1) D:4            Lair (6/6) D:8
 Shoals (4/4) Lair:2       Spider (4/4) Lair:2        Slime (5/5) Lair:6
    Orc (2/2) D:10            Elf (3/3) Orc:2        Vaults (5/5) D:14
  Crypt (3/3) Vaults:3       Tomb (0/3) Crypt:3      Depths (5/5) D:15
   Hell (visited)             Dis (0/7) Hell            Geh (0/7) Hell
    Coc (0/7) Hell            Tar (0/7) Hell            Zot (0/5) Depths:5
 Bailey (visited)         Gauntlet (visited)

Altars:
Cheibriados
Fedhas
Kikubaaqudgha
Makhleb
Okawaru
Qazlal
Ru
Sif Muna
Uskayaw
Vehumet
Jiyva

Shops:
D:6 ((   D:7 *   D:8 x   D:13 =   Orc:2 [(x!   Elf:2 [(:*   Shoals:1 (
Vaults:1 *   Vaults:4 :   Vaults:5 !!*:??!!?!   Depths:3 [

Portals:
Hell: Depths:1 Depths:2 Depths:3 Depths:4 Depths:5
Abyss: Depths:3 Depths:4
Pandemonium: Depths:2 Depths:3 Depths:4
Ziggurat: Depths:3
Trove: Vaults:2 (give +4 fire dragon scales)

Annotations:
D:7 exclusion: oklob plant
Depths:2 3 runed translucent doors
Depths:5 6 runed translucent doors


Innate Abilities, Weirdness & Mutations

You cannot be hasted, slowed, berserked, paralysed or teleported.
You can dig through walls and to a lower floor.
You have a pair of large antennae on your head. (SInv)
Your four strong arms can wield two-handed weapons with a shield.
You are partially covered in iridescent scales. (AC +2)
You possess an exceptional clarity of mind.
You are dopey. (Int -2)
You are frail. (-10% HP)
Your natural rate of healing is unusually fast.


Message History

You block the rockslime's attack. The rockslime hits you!
* * * LOW HITPOINT WARNING * * *
You hold your ground!
Unknown command.
You slash the rockslime!
The rockslime is severely wounded.
The rockslime hits you!
* * * LOW HITPOINT WARNING * * *
You hold your ground!
You block the rockslime's attack. The rockslime barely misses you.
Unknown command.
You hit the rockslime but do no damage.
The rockslime is severely wounded.
The rockslime hits you!!
* * * LOW HITPOINT WARNING * * *
You hold your ground!
The rockslime misses you.
Unknown command.
You carve the rockslime like a ham!!!
You kill the rockslime!
That felt strangely unrewarding.
You block the rockslime's attack.
Unknown command.
You hit the quicksilver ooze.
The quicksilver ooze is lightly wounded.
You block the rockslime's attack. The rockslime hits you!
* * * LOW HITPOINT WARNING * * *
You hold your ground!
Unknown command.
You hit the quicksilver ooze but do no damage.
The quicksilver ooze is lightly wounded.
The rockslime misses you. The quicksilver ooze hits you!
* * * LOW HITPOINT WARNING * * *
The quicksilver ooze engulfs you!
You block the quicksilver ooze's attack.
Unknown command.
You closely miss the quicksilver ooze.
The quicksilver ooze is lightly wounded.
* * * LOW HITPOINT WARNING * * *
Your lungs strain for air!
The rockslime hits you!!
You die... #......... .### #.......
J#) #....... {{## #....... {{{{

##....... J{# ##........
##J# ##......... #JJ#
##..........
..####@#####...........
.....JJJJJ..............
......§J§§..............
.......§................
........................
........................
........................
........................
......(................


You could see an azure jelly, 5 rockslimes and 3 quicksilver oozes.

Vanquished Creatures
  3 ancient liches
  the Royal Jelly (Slime:5)
  Mara (Spider:3)
  A juggernaut (Depths:2)
  Boris (Depths:4)
  A dread lich (Crypt:3)
  Bai Suzhen (Spider:2)
  Frederick (Vaults:4)
  Xtahua (Vaults:5)
  Margery (Vaults:3)
  A caustic shrike (Depths:4)
  Nikola (Depths:2)
  5 golden dragons
  3 bone dragons
  2 hellephants (Depths:2)
  Saint Roka (Crypt:1)
  Jorgrun (Elf:1)
  4 tentacled monstrosities
  Rupert (Lair:4)
  9 liches
  2 quicksilver dragons (Vaults:5)
  A curse toe (Crypt:3)
  4 titans
  Geryon (Hell)
  2 deep elf master archers (Elf:3)
  Frances (Spider:2)
  3 deep elf blademasters (Elf:3)
  Gastronok (Lair:3)
  19 acid blobs
  8 sphinxes
  8 storm dragons
  A draconian monk (Depths:5)
  3 shadow dragons
  The ghost of Yfogigguola the Slicer, an adept HaHu of Okawaru (Shoals:3)
  8 tengu reavers
  13 fire giants
  Roxanne (Spider:4)
  8 frost giants
  19 vault wardens
  2 draconian scorchers (Depths:5)
  11 deep elf sorcerers
  2 ghost moths (Spider:4)
  4 emperor scorpions (Spider:4)
  7 iron dragons
  Louise (Shoals:1)
  4 orc warlords
  2 deep elf elementalists (Elf:3)
  4 spriggan defenders
  2 tentacled starspawn (Abyss:3)
  Murray (Hell)
  An Executioner (Abyss:3)
  3 war gargoyles
  12 ancient champions
  26 ironbound preservers
  A caustic shrike skeleton (Depths:2)
  21 stone giants
  33 very ugly things
  A green draconian (Depths:5)
  Donald (Crypt:2)
  6 black draconians (Depths:5)
  2 revenants (Crypt:3)
  4 deep elf demonologists
  Azrael (Orc:2)
  4 white draconians (Depths:5)
  5 rockslimes
  2 red draconians (Depths:5)
  7 azure jellies
  12 deep elf annihilators
  A purple draconian (Depths:5)
  24 vampire knights
  2 yellow draconians (Depths:5)
  3 entropy weavers
  2 cacodemons
  A minotaur (Gauntlet)
  2 curse skulls
  7 spark wasps
  A balrug (Hell)
  3 eidola
  9 ghouls
  2 dire elephants
  10 ettins
  4 quicksilver oozes
  6 deep elf death magi
  6 merfolk impalers
  6 reapers
  15 jiangshi
  20 yaktaur captains
  18 fire dragons
  2 crystal guardians
  A merfolk javelineer (Shoals:4)
  13 deep elf high priests
  Josephine (D:15)
  An ophan (Abyss:3)
  A lorocyproca (Hell)
  5 great orbs of eyes
  2 boulder beetles
  35 vault guards
  4 hydras
  8 ice dragons
  4 peacekeepers
  2 ironbound thunderhulks (Vaults:1)
  Harold (D:9)
  2 rakshasas (Depths:4)
  A spriggan air mage (Depths:5)
  A catoblepas (Lair:5)
  10 centaur warriors
  5 ironbound frosthearts
  An ogre mage (Vaults:5)
  A green death (Hell)
  3 merfolk avatars
  A kraken zombie (Hell)
  4 two-headed ogres
  An alligator snapping turtle (Shoals:3)
  7 merfolk aquamancers
  8 death scarabs (Spider:4)
  2 quicksilver dragon skeletons
  6 tengu warriors
  2 satyrs (Shoals:2)
  A death knight (D:12)
  8 deep troll earth magi
  3 deep troll shamans
  29 dancing weapons
  9 removed ironbound beastmasters
  18 vampire magi
  7 hell hogs (Depths:2)
  6 orc high priests
  4 spriggan berserkers
  22 hell knights
  8 soul eaters
  A fire crab (shapeshifter) (D:13)
  2 spriggans (Depths:3)
  13 deep elf knights
  7 thrashing horrors (Abyss:3)
  5 iron trolls
  6 sun demons
  An iron golem (Hell)
  5 shadow wraiths
  A wretched star (Abyss:3)
  3 sixfirhies
  6 spatial maelstroms (Abyss:3)
  4 glowing orange brains
  24 skeletal warriors
  19 sea snakes
  60 deep trolls
  4 bog bodies
  11 unseen horrors
  A swamp dragon (Lair:6)
  A swamp dragon (shapeshifter) (Vaults:1)
  2 flayed ghosts
  A shadow demon (Abyss:3)
  A golden dragon zombie (Crypt:2)
  10 deep elf archers
  Pikel (D:6)
  2 glowing orange brains (shapeshifter)
  8 wizards
  18 ironbound convokers
  15 lindwurms
  4 spectral wolf spiders (Spider:4)
  18 phantasmal warriors
  4 wolf spider zombies
  9 necromancers
  A harpy (shapeshifter) (Elf:1)
  2 human zombies (Vaults:3)
  26 deep elf zephyrmancers
  14 orb spiders
  23 harpies
  13 orc knights
  A tengu skeleton (Depths:3)
  53 ugly things
  4 orc sorcerers
  A stone giant zombie (Depths:2)
  28 deep elf pyromancers
  6 shining eyes
  14 manticores
  A faun (shapeshifter) (Vaults:5)
  27 wolf spiders
  8 cyclopes
  A salamander (shapeshifter) (Vaults:4)
  A frost giant zombie (Depths:2)
  A guardian serpent (Lair:6)
  8 moths of wrath
  16 fauns
  2 frost giant skeletons (Crypt:3)
  A salamander (Depths:5)
  A black mamba (shapeshifter) (Vaults:1)
  13 merfolk sirens
  Maurice (D:12)
  A human skeleton (Vaults:3)
  A stone giant skeleton (Crypt:3)
  An ice statue (Gauntlet)
  6 rust devils (Hell)
  Psyche (D:9)
  8 black mambas
  2 centaur zombies
  A titan simulacrum (Depths:2)
  2 orange demons
  9 water nymphs
  2 apocalypse crabs (Abyss:3)
  3 torpor snails
  A shock serpent zombie (Crypt:1)
  15 vault sentinels
  5 smoke demons
  A torpor snail (shapeshifter) (Depths:2)
  Joseph (D:10)
  7 molten gargoyles
  A yellow draconian zombie (Crypt:1)
  A gargoyle (D:14)
  3 hellions
  18 cane toads
  26 yaktaurs
  A spriggan zombie (Depths:2)
  11 demonic crawlers
  5 rime drakes
  6 freezing wraiths
  A kobold demonologist (D:10)
  2 elf zombies
  3 spectral redbacks (Spider:4)
  A redback zombie (Spider:4)
  8 ice devils
  An efreet (Abyss:3)
  9 komodo dragons
  4 guardian mummies
  5 tengu conjurers
  2 anaconda simulacra (Hell)
  An ancient zyme (Abyss:3)
  3 polar bears
  A sea snake zombie (Hell)
  17 jumping spiders
  A sea snake skeleton (Hell)
  A hydra zombie (Hell)
  3 red devils
  29 merfolk
  2 tyrant leeches (D:14)
  A meliai (shapeshifter) (Vaults:5)
  An iron troll skeleton (Crypt:1)
  2 jumping spiders (shapeshifter)
  3 meliai (D:15)
  9 trolls
  8 hornets
  2 hydra skeletons (Hell)
  6 wind drakes
  A tengu simulacrum (Depths:3)
  22 blink frogs
  A harpy skeleton (Abyss:3)
  9 removed hippogriffs
  5 spectral jumping spiders (Spider:4)
  Grinder (D:3)
  2 spectral tarantellas (Spider:4)
  Prince Ribbit (Lair:2)
  A shadow dragon simulacrum (Depths:3)
  86 slime creatures
  A blink frog (shapeshifter) (Elf:1)
  2 jumping spider zombies (Spider:4)
  7 dream sheep
  2 tarantella zombies (Spider:4)
  A human simulacrum (Vaults:1)
  2 raiju (Abyss:3)
  16 snapping turtles
  A meliai zombie (D:13)
  8 flying skulls
  18 wyverns
  An alligator skeleton (Hell)
  43 redbacks
  2 tarantellas (shapeshifter)
  3 starcursed masses (Abyss:3)
  19 water elementals
  An air elemental (Elf:2)
  Eustachio (D:6)
  2 shadows
  A ynoxinul (Abyss:3)
  10 wraiths
  3 steam dragons
  3 fire bats (Depths:3)
  32 tarantellas
  A yak (shapeshifter) (Elf:3)
  2 vampires
  2 basilisks
  6 fire elementals
  3 removed hungry ghosts
  7 vampire mosquitoes
  56 yaks
  A chaos spawn (Abyss:3)
  4 large abominations (Abyss:3)
  A harpy simulacrum (Gauntlet)
  A swamp worm (shapeshifter) (Depths:2)
  4 wargs
  9 spatial vortices (Abyss:3)
  A hydra simulacrum (Gauntlet)
  A removed soldier ant (D:11)
  2 swamp worms (D:14)
  Duvessa (D:6)
  3 acid dragons
  10 hell hounds
  A floating eye (Slime:5)
  2 floating eyes (shapeshifter)
  A deep troll zombie (Crypt:3)
  10 removed porcupines
  17 water moccasins
  A meliai simulacrum (Gauntlet)
  A hornet zombie (Spider:4)
  3 removed eyes of draining
  6 sky beasts
  8 ice beasts
  68 orc warriors
  4 swamp drakes
  A black bear (D:8)
  A necrophage (D:9)
  4 phantoms
  An alligator simulacrum (Hell)
  17 wolves
  5 boggarts (D:15)
  A swamp dragon skeleton (Crypt:1)
  17 ogres
  A snapping turtle skeleton (Crypt:3)
  32 centaurs
  An elf simulacrum (Vaults:1)
  A hog skeleton (Crypt:2)
  13 removed crocodiles
  2 kobold brigands
  A fire crab zombie (Crypt:1)
  18 bullfrogs
  Dowan (D:6)
  2 water moccasin zombies (Crypt:2)
  3 earth elementals
  An elf skeleton (Crypt:1)
  A draconian skeleton (Crypt:3)
  A raiju zombie (Crypt:3)
  9 scorpions
  A killer bee (shapeshifter) (D:10)
  3 small abominations (Abyss:3)
  5 killer bees (D:11)
  A troll skeleton (Crypt:3)
  2 wights (Abyss:3)
  An electric eel (Elf:1)
  8 howler monkeys
  8 crimson imps
  A quasit (D:10)
  An iron imp (Orc:1)
  4 jellies
  A bullfrog zombie (D:6)
  A bullfrog skeleton (D:6)
  46 orc priests
  4 hounds
  44 orc wizards
  Crazy Yiuf (D:3)
  6 centaur skeletons
  7 iguanas
  14 removed worker ants
  Natasha (thrice) (D:3)
  A dwarf skeleton (Crypt:3)
  An acid dragon skeleton (Crypt:2)
  A hound zombie (D:8)
  2 hound skeletons
  A removed worker ant zombie (D:5)
  Robin (D:3)
  16 adders
  17 gnolls
  A steam dragon zombie (Crypt:2)
  4 shadow imps
  A white imp (Orc:1)
  An endoplasm (D:1)
  2 adder zombies
  A halfling zombie (Crypt:3)
  An adder skeleton (D:7)
  A halfling skeleton (Crypt:1)
  3 worms
  2 dart slugs
  175 orcs
  4 removed leopard geckos
  8 giant cockroaches
  31 goblins
  23 hobgoblins
  6 jackals
  13 kobolds
  2 quokkas
  A ball python (D:4)
  3 bats
  3 frilled lizards
  A kobold skeleton (Crypt:2)
  A quokka zombie (D:5)
  8 rats
  A removed leopard gecko zombie (D:7)
  A river rat skeleton (Crypt:1)
  A tentacle (Hell)
2697 creatures vanquished.

Vanquished Creatures (others)
  A merfolk impaler (Shoals:4)
  A hell hog (Depths:2)
  3 deep elf knights
  A hell knight (Hell)
  A large abomination (Abyss:3)
  A phantasmal warrior (Crypt:2)
  A deep elf zephyrmancer (Elf:2)
  A troll (D:11)
  A yak (D:8)
  A hell hound (Depths:3)
  A swamp drake (Lair:6)
  2 removed slaves (D:6)
  An orc warrior (Crypt:1)
  A small abomination (Abyss:3)
  A scorpion (D:6)
  2 electric eels (Elf:1)
  2 orc wizards
  2 orcs (D:11)
  28 fungi
  77 plants
  7 tentacles (Hell)
136 creatures vanquished.

Grand Total: 2833 creatures vanquished

Notes
Turn   | Place    | Note
-------+----------+-------------------------------------------
     0 | D:1      | Arum the Formicid Fighter began the quest for the Orb.
     0 | D:1      | Reached XP level 1. HP: 18/18 MP: 1/1
   103 | D:1      | Reached XP level 2. HP: 24/24 MP: 2/2
   219 | D:1      | Reached XP level 3. HP: 28/30 MP: 3/3
   879 | D:2      | Reached skill level 4 in Fighting
   879 | D:2      | Reached XP level 4. HP: 37/37 MP: 4/4
  1046 | D:2      | Found an iron altar of Okawaru.
  1051 | D:2      | Became a worshipper of Warmaster Okawaru
  1485 | D:3      | Noticed Grinder
  1531 | D:3      | Killed Grinder
  1531 | D:3      | Reached skill level 5 in Fighting
  1531 | D:3      | Reached skill level 5 in Shields
  1531 | D:3      | Reached XP level 5. HP: 19/44 MP: 5/5
  1531 | D:3      | Reached XP level 6. HP: 22/51 MP: 6/6
  1873 | D:3      | Noticed Robin
  1898 | D:3      | Killed Robin
  1907 | D:3      | HP: 2/51 [orc priest/+0 hand axe (1)]
  1908 | D:3      | Reached XP level 7. HP: 2/56 MP: 7/7
  2226 | D:3      | Noticed Natasha
  2241 | D:3      | Killed Natasha
  2241 | D:3      | Reached * piety under Okawaru
  2261 | D:3      | Noticed Natasha
  2270 | D:3      | Killed Natasha
  2475 | D:3      | Found a runed translucent door.
  2476 | D:3      | Noticed Crazy Yiuf
  2483 | D:3      | Killed Crazy Yiuf
  2687 | D:3      | Noticed Natasha
  2692 | D:3      | Killed Natasha
  2964 | D:4      | Found a stormy altar of Qazlal.
  3073 | D:4      | You fall into a shaft and drop 3 floors!
  3184 | D:6      | Reached skill level 6 in Fighting
  3184 | D:6      | Reached skill level 5 in Staves
  3379 | D:6      | Reached XP level 8. HP: 58/64 MP: 8/8
  3680 | D:6      | Found Qyrudaos's Antique Weapon Shop.
  3694 | D:6      | Noticed Pikel
  3702 | D:6      | Killed Pikel
  3702 | D:6      | Reached ** piety under Okawaru
  3702 | D:6      | Reached skill level 7 in Fighting
  3702 | D:6      | Reached XP level 9. HP: 54/72 MP: 9/9
  3790 | D:6      | Found Sutexoy's Antique Weapon Boutique.
  3873 | D:5      | Entered Level 5 of the Dungeon
  4106 | D:5      | Reached skill level 8 in Fighting
  4473 | D:5      | Reached *** piety under Okawaru
  5152 | D:4      | Found a staircase to the Ecumenical Temple.
  5669 | D:6      | Found a burning altar of Makhleb.
  5725 | D:6      | Noticed Dowan
  5730 | D:6      | Noticed Duvessa
  5738 | D:6      | Killed Duvessa
  5745 | D:6      | Killed Dowan
  5794 | D:6      | Noticed Eustachio
  5813 | D:6      | Killed Eustachio
  5813 | D:6      | Reached XP level 10. HP: 79/82 MP: 10/10
  5858 | D:6      | Reached skill level 9 in Fighting
  5858 | D:6      | Reached skill level 5 in Armour
  6026 | D:7      | Reached **** piety under Okawaru
  6460 | D:7      | Found Zusupn's Elemental Accessories.
  6702 | D:7      | Found an iron altar of Okawaru.
  6783 | D:7      | Found a sacrificial altar of Ru.
  6832 | D:7      | Found a blossoming altar of Fedhas.
  6854 | D:7      | Noticed an oklob plant
  7381 | D:8      | Found an ancient bone altar of Kikubaaqudgha.
  7410 | D:8      | Reached ***** piety under Okawaru
  7410 | D:8      | Reached skill level 10 in Fighting
  7646 | D:8      | Reached skill level 1 in Invocations
  7761 | D:8      | Found Yhiucucw's Gadget Shop.
  7884 | D:8      | Reached XP level 11. HP: 91/91 MP: 12/12
  8132 | D:8      | Found a staircase to the Lair.
  8565 | D:9      | Found a hide-covered altar of Uskayaw.
  8644 | D:9      | Reached skill level 5 in Invocations
  8647 | D:9      | Noticed a two-headed ogre
  8671 | D:9      | Killed a two-headed ogre
  8675 | D:9      | Received a gift from Okawaru
  8788 | D:9      | Found a shimmering blue altar of Sif Muna.
  8790 | D:9      | Noticed Harold
  8807 | D:9      | Killed Harold
  8821 | D:9      | Reached skill level 11 in Fighting
  8836 | D:9      | Reached skill level 10 in Staves
  8948 | D:9      | Upgraded the game from 0.25-a0-178-gc9f82b1288 to
                  | 0.25-a0-185-g6cfeca75b2
  8965 | D:9      | Reached ****** piety under Okawaru
  9132 | D:9      | Noticed Psyche
  9137 | D:9      | Killed Psyche
  9137 | D:9      | Received a gift from Okawaru
  9397 | D:10     | Entered Level 10 of the Dungeon
  9492 | D:10     | Found a flagged portal.
  9498 | Bailey   | Entered a bailey
  9713 | Bailey   | Reached XP level 12. HP: 93/100 MP: 15/15
  9823 | Bailey   | Noticed an orc warlord
  9853 | Bailey   | Killed an orc warlord
 10042 | Bailey   | Reached skill level 13 in Fighting
 10042 | Bailey   | Reached XP level 13. HP: 111/111 MP: 16/16
 10043 | Bailey   | Reached XP level 14. HP: 118/118 MP: 17/17
 10755 | D:10     | Identified the Grimoire of Nocuous Stolen Souls
 10930 | D:10     | Noticed Joseph
 10939 | D:10     | Killed Joseph
 10939 | D:10     | Received a gift from Okawaru
 10948 | D:10     | Got a pair of slimy boots {god gift}
 10949 | D:10     | Identified the +0 pair of boots "Xiriaz" {MR- rCorr Str+7
                  | Stlth-} (Okawaru gifted it to you on level 10 of the
                  | Dungeon)
 11164 | D:10     | Found a staircase to the Orcish Mines.
 11902 | D:12     | Noticed Maurice
 11911 | D:12     | Killed Maurice
 12047 | D:12     | Reached skill level 14 in Fighting
 12291 | D:12     | Found a gate leading to a gauntlet.
 12302 | Gauntlet | Entered a Gauntlet
 12302 | Gauntlet | Found a transporter.
 12302 | Gauntlet | Found a transporter.
 12303 | Gauntlet | Found a transporter.
 12306 | Gauntlet | Found a transporter.
 12306 | Gauntlet | Found a transporter.
 12306 | Gauntlet | Found a transporter.
 12318 | Gauntlet | Found a transporter.
 12320 | Gauntlet | Found a transporter.
 12332 | Gauntlet | Found a transporter.
 12435 | Gauntlet | Found a transporter.
 12437 | Gauntlet | Found a transporter.
 12445 | Gauntlet | Found a transporter.
 12685 | Gauntlet | Got a steaming marble ring
 12690 | Gauntlet | Identified the ring of the Endless Expanse {Wiz rN+ MP-9
                  | Int+3} (You found it in a Gauntlet)
 12748 | Gauntlet | Noticed a minotaur
 12761 | Gauntlet | Killed a minotaur
 12761 | Gauntlet | Reached XP level 15. HP: 121/127 MP: 1/18
 12769 | Gauntlet | Identified the Disquisition on Moulding
 12780 | Gauntlet | Got encrusted swamp dragon scales
 12791 | Gauntlet | Identified the +2 swamp dragon scales of Qucvewaq {rPois
                  | rC+} (You found it in a Gauntlet)
 13407 | D:13     | Found Askat's Jewellery Shop.
 13412 | D:13     | Found a stormy altar of Qazlal.
 13414 | D:13     | Bought the ring of the Mage {Wiz MR++ Int+3} for 723 gold
                  | pieces
 13414 | D:13     | Found the ring of the Mage {Wiz MR++ Int+3}
 13555 | D:13     | Received a gift from Okawaru
 13556 | D:13     | Found the +15 Maxwell's patent armour {-Cast -Tele rElec
                  | MR+ rCorr}
 13973 | D:14     | Reached skill level 15 in Fighting
 14579 | D:14     | Found a gate to the Vaults.
 14579 | D:14     | Noticed an ironheart preserver
 14595 | D:14     | Killed an ironheart preserver
 14623 | D:14     | Got a warped ivory ring
 14624 | D:14     | Identified the ring "Cucaegat" {Wiz +Inv Str+10} (You found
                  | it on level 14 of the Dungeon)
 14917 | D:15     | Entered Level 15 of the Dungeon
 14918 | D:15     | Found a snail-covered altar of Cheibriados.
 14947 | D:15     | Noticed Josephine
 14956 | D:15     | Killed Josephine
 15278 | D:15     | Found a staircase to the Depths.
 15419 | D:15     | Received a gift from Okawaru
 15666 | D:15     | Found a radiant altar of Vehumet.
 15924 | D:15     | Reached XP level 16. HP: 136/137 MP: 19/19
 16135 | Orc:1    | Entered Level 1 of the Orcish Mines
 16329 | Orc:2    | Entered Level 2 of the Orcish Mines
 16592 | Orc:1    | Received a gift from Okawaru
 16918 | Orc:1    | Reached skill level 16 in Fighting
 17115 | Orc:2    | Noticed Azrael
 17135 | Orc:2    | Killed Azrael
 17544 | Orc:2    | Reached skill level 15 in Armour
 17901 | Orc:2    | Received a gift from Okawaru
 17904 | Orc:2    | Got a faintly glowing quarterstaff {god gift}
 17921 | Orc:2    | Identified the +0 quarterstaff of the Crawling Thing {vamp,
                  | rF++ rN+ Str+4 Stlth+} (Okawaru gifted it to you on level 2
                  | of the Orcish Mines)
 17969 | Orc:2    | Found Ryhoxe Geugg's Weapon Emporium.
 17972 | Orc:2    | Found Ossem's Food Shoppe.
 17973 | Orc:2    | Found Datosiem's Antique Armour Emporium.
 17974 | Orc:2    | Found Xixtuc's Distillery.
 18271 | Orc:2    | Found a staircase to the Elven Halls.
 18531 | Lair:1   | Entered Level 1 of the Lair of Beasts
 19237 | Lair:2   | Noticed Prince Ribbit
 19245 | Lair:2   | Killed Prince Ribbit
 19599 | Lair:2   | Found a staircase to the Shoals.
 19717 | Lair:2   | Got a pair of steaming gloves
 19718 | Lair:2   | Identified the cursed -3 pair of gloves "Sizxim" {rC- rN++
                  | rCorr Int+3} (You found it on level 2 of the Lair of
                  | Beasts)
 19743 | Lair:2   | Found a hole to the Spider Nest.
 20148 | Lair:3   | Received a gift from Okawaru
 20153 | Lair:3   | Got a pair of spiked gloves {god gift}
 20154 | Lair:3   | Identified the +2 pair of gloves of the Curious Stories
                  | {rC- MR+ SInv} (Okawaru gifted it to you on level 3 of the
                  | Lair of Beasts)
 20169 | Lair:3   | Noticed Gastronok
 20188 | Lair:3   | Killed Gastronok
 20188 | Lair:3   | Reached XP level 17. HP: 146/146 MP: 20/20
 20941 | Lair:4   | Noticed Rupert
 20954 | Lair:4   | Killed Rupert
 20954 | Lair:4   | Reached skill level 17 in Fighting
 21374 | Lair:5   | Identified a scroll of acquirement
 22353 | Lair:6   | Entered Level 6 of the Lair of Beasts
 22354 | Lair:6   | Found a runed translucent door.
 22355 | Lair:6   | Found a viscous altar of Jiyva.
 22373 | Lair:6   | Noticed an acid blob
 22373 | Lair:6   | Noticed an acid blob
 22373 | Lair:6   | Noticed an acid blob
 22374 | Lair:6   | Found a staircase to the Slime Pits.
 22374 | Lair:6   | Noticed an acid blob
 22479 | Lair:6   | Reached skill level 15 in Staves
 22934 | Lair:6   | Received a gift from Okawaru
 23943 | Lair:6   | Killed an acid blob
 23948 | Lair:6   | Killed an acid blob
 23948 | Lair:6   | Received a gift from Okawaru
 23956 | Lair:6   | Killed an acid blob
 23965 | Lair:6   | Killed an acid blob
 24061 | Lair:2   | Upgraded the game from 0.25-a0-185-g6cfeca75b2 to
                  | 0.27-a0-40-g5f2be0e231
 24073 | Spider:1 | Entered Level 1 of the Spider Nest
 24185 | Spider:1 | Reached XP level 18. HP: 156/156 MP: 21/21
 24190 | Spider:1 | Reached skill level 15 in Shields
 24209 | Spider:1 | Reached skill level 18 in Fighting
 25099 | Spider:1 | Upgraded the game from 0.27-a0-40-g5f2be0e231 to
                  | 0.27-a0-931-g5a74e75d8f
 25365 | Spider:2 | Noticed Frances
 25422 | Spider:2 | Killed Frances
 25528 | Spider:2 | Acquired a manual of Fighting
 25932 | Spider:2 | Received a gift from Okawaru
 26046 | Spider:3 | Noticed Bai Suzhen
 26064 | Spider:2 | Killed Bai Suzhen
 26065 | Spider:2 | Reached skill level 19 in Fighting
 26247 | Spider:3 | Reached skill level 20 in Fighting
 26333 | Spider:3 | Noticed Mara
 26335 | Spider:3 | Noticed Arum's illusion
 26469 | Spider:3 | Noticed Arum's illusion
 26621 | Spider:3 | Noticed Arum's illusion
 26670 | Spider:3 | Killed Mara
 26699 | Spider:3 | Reached skill level 21 in Fighting
 26721 | Spider:3 | Received a gift from Okawaru
 27174 | Spider:4 | Entered Level 4 of the Spider Nest
 27328 | Spider:4 | Noticed Roxanne
 27390 | Spider:4 | Killed Roxanne
 27538 | Spider:4 | Reached skill level 1 in Dodging
 27548 | Spider:4 | Reached XP level 19. HP: 174/174 MP: 22/22
 27652 | Spider:4 | Received a gift from Okawaru
 28112 | Spider:4 | Reached skill level 5 in Dodging
 28520 | Spider:4 | Reached skill level 22 in Fighting
 28621 | Spider:4 | Got a gossamer rune of Zot
 28640 | Spider:4 | Upgraded the game from 0.27-a0-931-g5a74e75d8f to
                  | 0.27-a0-1579-g97d2440184
 28815 | Shoals:1 | Entered Level 1 of the Shoals
 28853 | Shoals:1 | Found Koeniosh's Weapon Shoppe.
 29005 | Shoals:1 | Learned a level 6 spell: Statue Form
 29201 | Shoals:1 | Received a gift from Okawaru
 29313 | Shoals:1 | Noticed Louise
 29330 | Shoals:1 | Killed Louise
 29780 | Shoals:2 | You fall into a shaft and drop 1 floor!
 29780 | Shoals:3 | Found a transporter.
 29785 | Shoals:3 | Noticed Yfogigguola's ghost (adept HaHu)
 29902 | Shoals:3 | Found a transporter.
 29943 | Shoals:3 | Reached XP level 20. HP: 122/183 MP: 22/25
 30208 | Shoals:3 | Killed Yfogigguola's ghost
 30249 | Shoals:3 | Identified the ring "Taodoin" {Contam Fly rElec rCorr
                  | Slay+4}
 30254 | Shoals:3 | Identified the ring of Departure {Str+4 Int+3 SInv Stlth+}
 31321 | Shoals:2 | Identified the +9 arbalest "Huumeako" {venom, rElec Will+
                  | Int+3}
 31403 | Shoals:2 | Identified the +2 longbow of Beuzuck {venom, Dex+3}
 31744 | Shoals:4 | Entered Level 4 of the Shoals
 31927 | Shoals:4 | Received a gift from Okawaru
 31981 | Shoals:4 | Reached skill level 10 in Dodging
 32109 | Shoals:4 | Received a gift from Okawaru
 32165 | Shoals:4 | Found the amulet of Vitality {Regen+ HP+15}
 32405 | Shoals:4 | Identified the +1 helmet "Erohistu" {+Blink}
 32604 | Shoals:4 | Reached skill level 23 in Fighting
 32705 | Shoals:4 | Got a barnacled rune of Zot
 33290 | D:14     | Upgraded the game from 0.27-a0-1579-g97d2440184 to
                  | 0.27-a0-1590-g15f69828bf
 33301 | Vaults:1 | Entered Level 1 of the Vaults
 33372 | Vaults:1 | Received a gift from Okawaru
 33431 | Vaults:1 | Reached XP level 21. HP: 91/193 MP: 25/27
 34028 | Vaults:1 | Reached skill level 1 in Throwing
 34375 | Vaults:1 | Found Tioxajo's General Store.
 34383 | Vaults:1 | Bought 3 scrolls of acquirement for 2340 gold pieces
 34385 | Vaults:1 | Acquired a manual of Armour
 34389 | Vaults:1 | Acquired the +1 cloak of the Buccaneer {-Tele Regen+ Dex+7}
 34413 | Vaults:1 | Acquired a manual of Invocations
 34730 | Vaults:1 | Received a gift from Okawaru
 34821 | Vaults:1 | Identified the +1 trident of Gehenna {freeze, rCorr Dex+3
                  | SInv}
 35071 | Vaults:2 | Reached skill level 24 in Fighting
 35118 | Vaults:2 | HP: 8/210 [vault guard[a vault warden] (15)]
 35118 | Vaults:2 | HP: 2/210 [vault guard[a vault warden] (6)]
 35296 | Vaults:2 | Reached skill level 5 in Throwing
 35813 | Vaults:2 | Reached XP level 22. HP: 176/203 MP: 28/28
 35889 | Vaults:2 | Found a portal to a secret trove of treasure.
 36939 | Vaults:2 | Identified the +0 pair of boots of the Depths {+Blink
                  | Int+4} (Okawaru gifted it to you on level 2 of the Vaults)
 36939 | Vaults:2 | Received a gift from Okawaru
 37317 | Vaults:3 | Found a staircase to the Crypt.
 38076 | Vaults:3 | Found the +8 arc blade {discharge, rElec}
 38263 | Vaults:3 | Identified the +9 plate armour "Hatsas" {Regen+ Str+4}
                  | (Okawaru gifted it to you on level 3 of the Vaults)
 38263 | Vaults:3 | Received a gift from Okawaru
 38706 | Vaults:4 | Noticed Margery
 38733 | Vaults:3 | Killed Margery
 38829 | Vaults:3 | Reached XP level 23. HP: 147/211 MP: 24/29
 38904 | Vaults:4 | Reached skill level 25 in Fighting
 39209 | Vaults:4 | Received a gift from Okawaru
 39596 | Vaults:4 | Received a gift from Okawaru
 39981 | Vaults:4 | Received a gift from Okawaru
 40140 | Vaults:4 | Found Mecuggu's Book Boutique.
 40519 | Vaults:4 | Identified the +2 morningstar of Fimbulwinter {venom, Fly
                  | Will+}
 40594 | Vaults:2 | Identified the +1 plate armour of Philately {rElec rPois}
 40715 | Depths:1 | Entered Level 1 of the Depths
 41311 | Depths:1 | You fall into a shaft and drop 1 floor!
 41331 | Depths:2 | Noticed Nikola
 41393 | Depths:2 | Killed Nikola
 41496 | Depths:2 | Reached XP level 24. HP: 223/223 MP: 29/29
 41667 | Depths:2 | Found a gateway to Hell.
 41715 | Depths:2 | Reached skill level 26 in Fighting
 42053 | Depths:2 | Received a gift from Okawaru
 42630 | Depths:2 | You fall into a shaft and drop 2 floors!
 42872 | Depths:4 | Identified the +3 quarterstaff "Ybudgh" {venom, *Rage Str+6
                  | Int+3} (Okawaru gifted it to you on level 4 of the Depths)
 42872 | Depths:4 | Received a gift from Okawaru
 42986 | Depths:5 | Entered Level 5 of the Depths
 43046 | Depths:5 | Found a flickering gateway to a bazaar.
 43089 | Bazaar   | Entered a bazaar
 43089 | Bazaar   | Found Xahamid's General Store.
 43089 | Bazaar   | Found Nef Puakh's Book Shoppe.
 43089 | Bazaar   | Found Dakhlouse's Weapon Shoppe.
 43089 | Bazaar   | Found Caor's Distillery.
 43089 | Bazaar   | Found Nef Puakh's Jewellery Emporium.
 43109 | Bazaar   | Bought a potion of curing for 39 gold pieces
 43109 | Bazaar   | Bought a potion of curing for 39 gold pieces
 43109 | Bazaar   | Bought a potion of resistance for 130 gold pieces
 43109 | Bazaar   | Bought a potion of might for 52 gold pieces
 43109 | Bazaar   | Bought a potion of heal wounds for 65 gold pieces
 43116 | Bazaar   | Bought a +0 lajatang for 210 gold pieces
 43130 | Bazaar   | Bought the ring of Poighan {Fly rN+ Str+6 Int-3 Dex+3} for
                  | 371 gold pieces
 43134 | Bazaar   | Bought a scroll of magic mapping for 31 gold pieces
 43325 | Depths:5 | Noticed a golden dragon
 43334 | Depths:5 | Killed a golden dragon
 43529 | Depths:5 | Reached skill level 27 in Fighting
 43533 | Depths:5 | Received a gift from Okawaru
 43787 | Depths:5 | Reached XP level 25. HP: 185/234 MP: 24/29
 43985 | Depths:5 | Received a gift from Okawaru
 44041 | Depths:5 | Received a gift from Okawaru
 44112 | Depths:5 | Found a runed translucent door.
 44122 | Depths:5 | Found a runed translucent door.
 44122 | Depths:5 | Found a runed translucent door.
 44197 | Depths:5 | Found a runed translucent door.
 44210 | Depths:5 | Found a runed translucent door.
 44210 | Depths:5 | Found a runed translucent door.
 44301 | Depths:5 | Found a gate to the Realm of Zot.
 44318 | Depths:5 | Received a gift from Okawaru
 44773 | Depths:4 | Received a gift from Okawaru
 44874 | Depths:4 | Found a one-way gate to the infinite horrors of the Abyss.
 45280 | Depths:4 | Found a one-way gate leading to the halls of Pandemonium.
 45372 | Depths:4 | Identified the +0 kite shield "Ugaew" {+Inv rN++ rCorr
                  | Dex-2} (Okawaru gifted it to you on level 4 of the Depths)
 45372 | Depths:4 | Received a gift from Okawaru
 45621 | Depths:4 | Noticed Boris
 45638 | Depths:4 | Killed Boris
 45757 | Depths:4 | Noticed an ancient lich
 45776 | Depths:4 | Killed an ancient lich
 45794 | Depths:4 | Reached skill level 10 in Throwing
 45824 | Depths:4 | Noticed a caustic shrike
 45833 | Depths:4 | Killed a caustic shrike
 45834 | Depths:4 | Reached XP level 26. HP: 241/242 MP: 29/29
 46641 | Depths:3 | Identified the +4 ring mail of the Other World {Will+
                  | Str+5} (Okawaru gifted it to you on level 3 of the Depths)
 46641 | Depths:3 | Received a gift from Okawaru
 46744 | Depths:3 | Identified the +9 scimitar of Bodily Humours {chaos, rF+
                  | MP-9 Stlth+}
 47033 | Depths:3 | Found a gateway to a ziggurat.
 47292 | Depths:3 | Found Garej's Specialty Armours.
 47730 | Depths:2 | Found a runed translucent door.
 47737 | Depths:2 | Noticed a juggernaut
 47758 | Depths:2 | Killed a juggernaut
 47776 | Depths:2 | Found a runed translucent door.
 47864 | Depths:2 | Found a runed translucent door.
 47867 | Depths:2 | Found a runed translucent door.
 47873 | Depths:2 | Got the Disquisition on Transmutation
 48324 | Depths:1 | Found a burning altar of Makhleb.
 48630 | Elf:1    | Entered Level 1 of the Elven Halls
 48873 | Elf:1    | Noticed Jorgrun
 48891 | Elf:1    | Killed Jorgrun
 49835 | Elf:2    | Found a runed translucent gate.
 49835 | Elf:2    | Found a runed translucent gate.
 49846 | Elf:2    | Found a runed translucent gate.
 49958 | Elf:2    | Received a gift from Okawaru
 50207 | Elf:2    | Found Afinaun's Antique Armour Emporium.
 50209 | Elf:2    | Found Zohaih's Book Shoppe.
 50209 | Elf:2    | Found Beibo's Antique Weapon Emporium.
 50214 | Elf:2    | Found Iqonwius's General Store.
 50217 | Elf:2    | Bought a glowing lajatang for 522 gold pieces
 50223 | Elf:2    | Bought 2 potions of might for 96 gold pieces
 50241 | Elf:2    | Identified the +2 gold dragon scales "Zalefri" {+Blink
                  | rElec rPois rF+ rC+ Slay-6}
 50791 | Elf:2    | Reached XP level 27. HP: 235/249 MP: 24/29
 51140 | Elf:3    | Entered Level 3 of the Elven Halls
 52117 | Elf:3    | Received a gift from Okawaru
 52216 | Elf:3    | Identified the +9 whip of Somewhere Else {pain, rN+}
 52253 | Elf:3    | Identified the amulet of Jopnogix {RegenMP rCorr Stlth+}
 52256 | Elf:3    | Identified the ring "Vygu" {rElec rPois Will++ SInv}
 52292 | Elf:3    | Identified the amulet of Qaon {Spirit rC+}
 52329 | Elf:3    | Identified the +5 lajatang "Seoghaacw" {vorpal, Will++
                  | Str+4 Dex+2}
 52362 | Elf:3    | Identified the ring of Beogh's Scorn {rN+ Will+ Dex+6}
 52976 | Vaults:4 | Upgraded the game from 0.27-a0-1590-g15f69828bf to
                  | 0.27-a0-1591-gc56fcc985a
 52981 | Vaults:5 | Entered Level 5 of the Vaults
 52981 | Vaults:5 | Noticed an ancient lich
 53009 | Vaults:5 | Killed an ancient lich
 53010 | Vaults:5 | Reached skill level 15 in Throwing
 53022 | Vaults:5 | Noticed Frederick
 53059 | Vaults:4 | Killed Frederick
 53059 | Vaults:4 | Received a gift from Okawaru
 53295 | Vaults:5 | Found Gops's Distillery.
 53300 | Vaults:5 | Bought a potion of heal wounds for 90 gold pieces
 53300 | Vaults:5 | Bought 2 potions of curing for 108 gold pieces
 53300 | Vaults:5 | Bought a potion of curing for 54 gold pieces
 53300 | Vaults:5 | Bought a potion of heal wounds for 90 gold pieces
 53300 | Vaults:5 | Bought a potion of curing for 54 gold pieces
 53334 | Vaults:5 | Found Anlemioh's Magic Scroll Shop.
 53389 | Vaults:5 | Found Bukeci's Magic Scroll Emporium.
 53516 | Vaults:5 | Noticed Xtahua
 53525 | Vaults:5 | Killed Xtahua
 53563 | Vaults:5 | Found Yzytem's Magic Scroll Shop.
 53568 | Vaults:5 | Bought a scroll of enchant armour for 120 gold pieces
 53568 | Vaults:5 | Bought a scroll of enchant armour for 120 gold pieces
 53578 | Vaults:5 | Found Peuciyni's Distillery.
 53584 | Vaults:5 | Bought a potion of heal wounds for 55 gold pieces
 53584 | Vaults:5 | Bought a potion of heal wounds for 55 gold pieces
 53613 | Vaults:5 | Identified the +7 fustibalus "Weripnu" {vorpal, Dex+2}
 53674 | Vaults:5 | Found Quapt's General Store.
 53678 | Vaults:5 | Found Vuuxep's Book Shoppe.
 53754 | Vaults:5 | Reached skill level 10 in Invocations
 53786 | Vaults:5 | Bought a potion of heal wounds for 85 gold pieces
 53791 | Vaults:5 | Found Ycufasul's Distillery.
 53833 | Vaults:5 | Received a gift from Okawaru
 53872 | Vaults:5 | Bought a potion of curing for 30 gold pieces
 53872 | Vaults:5 | Bought a potion of resistance for 100 gold pieces
 53872 | Vaults:5 | Bought a potion of curing for 30 gold pieces
 53872 | Vaults:5 | Bought a potion of heal wounds for 50 gold pieces
 53984 | Vaults:5 | Got a silver rune of Zot
 54116 | Vaults:5 | Found Miaruc's Distillery.
 54129 | Vaults:5 | Received a gift from Okawaru
 54163 | Vaults:5 | Bought a potion of heal wounds for 90 gold pieces
 54540 | Vaults:5 | Found Jonevaet's Distillery.
 54546 | Vaults:5 | Bought a potion of might for 76 gold pieces
 54546 | Vaults:5 | Bought a potion of heal wounds for 95 gold pieces
 54546 | Vaults:5 | Bought a potion of mutation for 152 gold pieces
 54546 | Vaults:5 | Bought a potion of cancellation for 152 gold pieces
 54626 | Vaults:5 | Upgraded the game from 0.27-a0-1591-gc56fcc985a to
                  | 0.28-a0-514-g0d7ab7f379
 54787 | Crypt:1  | Entered Level 1 of the Crypt
 54840 | Crypt:1  | Got the Catalogue of Battle Magic
 55200 | Crypt:1  | Noticed Saint Roka
 55214 | Crypt:1  | Killed Saint Roka
 55746 | Crypt:2  | Received a gift from Okawaru
 55937 | Crypt:2  | Noticed Donald
 55953 | Crypt:2  | Killed Donald
 56642 | Crypt:3  | Entered Level 3 of the Crypt
 56677 | Crypt:2  | Identified the +12 quarterstaff "Worm" {vorpal, Dex+5}
                  | (Okawaru gifted it to you on level 2 of the Crypt)
 56677 | Crypt:2  | Received a gift from Okawaru
 56709 | Crypt:3  | Reached skill level 15 in Invocations
 56903 | Crypt:3  | Noticed a dread lich
 56913 | Crypt:3  | Killed a dread lich
 56955 | Crypt:3  | Found the +8 autumn katana {vorpal, Clar}
 56956 | Crypt:3  | Found the +7 Singing Sword {vorpal, sonic wave}
 56956 | Crypt:3  | Found the +5 scythe "Finisher" {speed, eviscerate}
 57655 | Crypt:3  | Received a gift from Okawaru
 57774 | Crypt:3  | Found a staircase to the Tomb.
 58020 | Crypt:3  | Noticed an ancient lich
 58063 | Crypt:3  | Killed an ancient lich
 58081 | Crypt:3  | Identified the +2 hand axe of Doew Izo {protect, rElec}
 58094 | Crypt:3  | Identified the ring of the Nightcaps {rN+ Dex+3}
 58094 | Crypt:3  | Identified the ring "Kowag" {Fly rN+ Will++}
 58094 | Crypt:3  | Identified the ring of Feuwkueve {rC- rN+ Will+++ Dex-4
                  | SInv}
 58600 | Hell     | Entered the Vestibule of Hell
 58600 | Hell     | Noticed Geryon
 58612 | Hell     | Noticed Murray
 58618 | Hell     | Killed Geryon
 58619 | Hell     | Reached skill level 15 in Dodging
 58645 | Hell     | Killed Murray
 58806 | Hell     | Reached skill level 1 in Polearms
 59072 | Hell     | Found a gateway to the freezing wastes of Cocytus.
 59159 | Hell     | Found a gateway to the Iron City of Dis.
 59425 | Hell     | Found a gateway to the decaying netherworld of Tartarus.
 59493 | Hell     | Received a gift from Okawaru
 59588 | Hell     | Found a gateway to the ashen valley of Gehenna.
 60140 | Depths:3 | Voluntarily entered the Abyss.
 60219 | Abyss:2  | Found a viscous altar of Jiyva.
 60231 | Abyss:3  | Found a corrupted altar of Lugonu.
 60278 | Abyss:3  | Reached skill level 5 in Polearms
 60327 | Abyss:3  | Got an abyssal rune of Zot
 60347 | Abyss:3  | Found a corrupted altar of Lugonu.
 60382 | Abyss:3  | Found a corrupted altar of Lugonu.
 60498 | Abyss:3  | Gained mutation: Your magical capacity is low. (-10% MP) [a
                  | cacodemon]
 60981 | Abyss:3  | Received a gift from Okawaru
 61012 | Depths:3 | Escaped the Abyss
 61016 | Depths:3 | Upgraded the game from 0.28-a0-514-g0d7ab7f379 to
                  | 0.28-a0-1493-g08698888e4
 61449 | Slime:1  | Entered Level 1 of the Pits of Slime
 61458 | Slime:1  | Gained mutation: You have hidden genetic defects. [a
                  | shining eye]
 61460 | Slime:1  | Gained mutation: Your spells are a little easier to cast,
                  | but a little less powerful. [a shining eye]
 61482 | Slime:1  | Lost mutation: Your magical capacity is low. (-10% MP)
                  | [potion of mutation]
 61482 | Slime:1  | Lost mutation: Your spells are a little easier to cast, but
                  | a little less powerful. [potion of mutation]
 61482 | Slime:1  | Lost mutation: You have hidden genetic defects. [potion of
                  | mutation]
 61482 | Slime:1  | Gained mutation: You are partially covered in iridescent
                  | scales. (AC +2) [potion of mutation]
 61482 | Slime:1  | Gained mutation: You are dopey. (Int -2) [potion of
                  | mutation]
 61482 | Slime:1  | Gained mutation: You possess an exceptional clarity of
                  | mind. [potion of mutation]
 61543 | Slime:2  | Gained mutation: Your natural rate of healing is unusually
                  | fast. [a shining eye]
 61583 | Slime:2  | You fall into a shaft and drop 1 floor!
 62140 | Slime:5  | Entered Level 5 of the Pits of Slime
 62213 | Slime:5  | Gained mutation: You are frail. (-10% HP) [a shining eye]
 62326 | Slime:5  | Noticed the Royal Jelly
 62364 | Slime:5  | Killed the Royal Jelly
 62380 | Slime:5  | HP: 6/239 [quicksilver ooze[the Royal Jelly] (17)]
 62381 | Slime:5  | Demolished by a rockslime

Illustrated notes

Levels and vault maps discovered:
D:1:      mrwooster_arrival_arrow, layout_loops_ring, minmay_hexomino_f4
D:2:      layout_loops_corners, serial_bayou_lagoon_a, okawaru_ov_weapons_minmay
D:3:      cheibrodos_pilgrimage, layout_loops_ring, uniq_robin, uniq_natasha,
          uniq_grinder, uniq_crazy_yiuf_cottage
D:4:      layout_basic, grunt_qazlal_clouds, minmay_temple_entry_hall,
          grunt_ministairs_12
D:5:      layout_basic, first_ration
D:6:      layout_basic, marbit_many_paths, serial_shops, kennysheep_mini_moat,
          nicolae_shop_overgrown_old_shop, uniq_duvessa, uniq_pikel,
          uniq_eustachio
D:7:      wad_river_or_something, layout_basic, lemuel_coloured_pillars_altar,
          tgw_fedhas, lemuel_doored_altar, nicolae_elemental_shop
D:8:      layout_basic, kiku_gazebo_garden_becter,
          grunt_lair_entry_orc_guard_hut, serial_shops,
          nicolae_shop_statue_plus, special_room [special_room_orc]
D:9:      layout_loops_ring, old_standard_altar, lemuel_round_altar,
          uniq_psyche, uniq_harold
D:10:     minmay_the_grid_octo_2x2 [minmay_the_grid_octo_teeth,
          minmay_the_grid_octo_horde, minmay_the_grid_octo_checkered,
          minmay_the_grid_octo_prize_ultimate_mussel_roller],
          layout_irregular_city, erik_orc_1, enter_bailey_8,
          hangedman_fish_farm, uniq_joseph
D:11:     layout_big_octagon, lemuel_flamethrower_2
D:12:     layout_irregular_city, gauntlet_entry_generic, uniq_maurice
D:13:     layout_basic, basic_altar, serial_shops, nicolae_shop_crystal
D:14:     layout_long_grid, skrybe_vaults_entry_preservation,
          nicolae_lava_and_water, skrybe_limestone_x, worms_lemuel
D:15:     grunt_enter_depths_hoard, layout_basic, lemuel_round_altar,
          cheibriados_altar_1, uniq_josephine
Lair:1:   layout_chaotic_city
Lair:2:   layout_misc_corridors, minmay_shoals_entry_lonely_mermaid,
          spider_nest_entry_rubble, uniq_prince_ribbit2
Lair:3:   layout_loops_ring, grunt_megastairs_2, infiniplex_staircase_pool,
          lemuel_fruit_tree, uniq_gastronok
Lair:4:   layout_gridlike, uniq_rupert
Lair:5:   layout_layer_cave, nicolae_lair_grove_arrangements
Lair:6:   guppyfry_lair_end_dragon, layout_gridlike,
          hangedman_lair_tendril_chambers, slime_altar_2
Shoals:1: cheibrodos_shoals_three_sisters, layout_shoals, serial_shops,
          nicolae_shop_waterfront, uniq_louise
Shoals:2: cheibrodos_shoals_satyrical_garden, layout_shoals
Shoals:3: layout_shoals, gammafunk_ghost_berserking_beasts, abandoned_shop
Shoals:4: shoals_end_simple, layout_shoals, overgrown_hall
Spider:1: layout_spider_delve
Spider:2: layout_spider_delve, hangedman_spider_tarantella_strand, uniq_frances
Spider:3: layout_spider_delve, einodemon_crawler_minivault, uniq_bai_suzhen,
          uniq_mara
Spider:4: floodkiller_spider_rune_tomb, nicolae_spider_webbed_stairs,
          uniq_roxanne
Slime:1:  layout_caves
Slime:2:  layout_caves, basic_altar
Slime:3:  layout_caves
Slime:4:  layout_caves, cheibrodos_slime_lost_civilization_6
Slime:5
Orc:1:    layout_caves, serial_shops, hangedman_minor_magic
Orc:2:    st_orc_pillars, layout_diamond_mine, uniq_azrael
Elf:1:    layout_rooms, hangedman_elven_crosses_minicolossus,
          chequers_big_river, serial_sigils_hangedman_leer, due_unseen_surprise,
          uniq_jorgrun
Elf:2:    nicolae_elf_blades_splatter_lattice [nicolae_blade_entry_pointy_end],
          layout_geoelf_octagon, minmay_shoptagon
Elf:3:    minmay_elf_hall_hex, layout_gridlike, grunt_ministairs_6,
          amcnicky_mini_pool_small, nicolae_elf_glass_and_crystal_pillar_2
Vaults:1: ontoclasm_vaults_tryst, st_quartered_hall, v_misc_26,
          nicolae_vaults_network_quinsquares
          [nicolae_vaults_network_quincunx_subvault,
          nicolae_vaults_network_quincunx_subvault,
          nicolae_vaults_network_quincunx_subvault,
          nicolae_vaults_network_quincunx_subvault], v_misc_14,
          nicolae_vaults_little_squares_1, vaults_room_pools, serial_ice_b,
          vaults_room_pool, layout_vaults_omnicross, serial_shops, shop
Vaults:2: vaults_dpeg_encased_lava, v_alt_pattern_2, serial_ice_h,
          v_alt_pattern_5, v_alt_pattern_6, hangedman_vaults_nails,
          layout_vaults_omnigrid, nicolae_trove_entry_diagonal
Vaults:3: hangedman_vaults_capsules, nicolae_vaults_little_ls,
          minmay_crypt_entry_simple_sparse, nicolae_vaults_ring_of_whatevers,
          nicolae_vaults_mini_display_case, vaults_mumra_minichess_inversion,
          v_alt_pattern_6, vaults_room_fours, vaults_room_fours,
          nicolae_vaults_little_squares_1, vaults_dpeg_spiral,
          nicolae_vaults_little_squares_2, layout_vaults_big_room
Vaults:4: ontoclasm_vaults_chip, hangedman_vaults_maws,
          nicolae_vaults_c_with_doors, dpeg_vaults_monster_row, v_misc_2,
          hangedman_vaults_corner_blocks, vaults_mumra_lcd,
          nicolae_vaults_little_squares_4, v_misc_13, v_rooms_3,
          ontoclasm_vaults_loading_screen, vaults_dpeg_ring,
          layout_vaults_omnibox, serial_shops, shop, uniq_margery
Vaults:5: uniq_frederick, uniq_xtahua
Crypt:1:  layout_regular_city, uniq_saint_roka
Crypt:2:  layout_chaotic_city, st_vampire_maze, grunt_megastairs_3, uniq_donald
Crypt:3:  david_glass_crypt, layout_gridlike, tomb_entry_simple_bobbens
Depths:1: layout_roguey, pf_hell_entry_great_geh, minmay_misc_feat_cross,
          makhleb_altar_promises_db
Depths:2: impenetrable_vault, layout_gridlike, grunt_hell_horde,
          infiniplex_staircase_split_hallway, uniq_nikola
Depths:3: kennysheep_scales, layout_twisted_cross, enter_ziggurat_b,
          abyss_entry_glasseish, rand_demon_pan_entry_4,
          pf_hell_entry_tar_spiral, nicolae_barding_shop, grunt_megastairs_4
Depths:4: minmay_nested_s, layout_basic, grunt_hell_entry_dis_old, pan_entry,
          abyss_entry, chequers_serial_rivers_room_b, lemuel_flamethrower_3,
          infiniplex_staircase_pillars_3a, serial_bayou_shore_b, uniq_boris
Depths:5: evilmike_zot_entry_castle, layout_small_grid, serial_shops,
          bzr_entry_gold, hellmouth_1, minmay_misc_feat_enclosed
Hell

Skill      XL: |  1  2  3  4  5  6  7  8  9 10 11 12 13 14 15 16 17 18 19 20 21 22 23 24 25 26 27 |
---------------+----------------------------------------------------------------------------------+-----
Shields        | 4 5 6 8 9 12 13 14 15 16 18 20 22 24 | 24.7
Fighting       | 4 5 6 7 8 10 11 13 14 15 16 17 21 22 23 24 25 27 | 27.0
Staves         | 4 5 6 7 9 10 12 13 14 15 16 19 | 19.0
Armour         | 4 7 9 11 12 14 15 17 19 21 22 23 | 23.5
Invocations    | 2 5 6 8 20 | 20.0
Dodging        | 1 8 10 16 | 16.6
Throwing       | 5 9 10 12 16 | 16.7
Polearms       | 7 |  7.9

Action                   |  1- 3 |  4- 6 |  7- 9 | 10-12 | 13-15 | 16-18 | 19-21 | 22-24 | 25-27 || total
-------------------------+-------+-------+-------+-------+-------+-------+-------+-------+-------++-------
Melee: Quarterstaff      |    81 |    94 |   255 |   663 |   976 |  2442 |  1981 |  2306 |  2390 || 11188
       Lajatang          |       |       |       |       |       |       |       |    17 |  1791 ||  1808
Throw: Javelin           |       |       |       |       |       |     2 |     8 |       |    21 ||    31
Invok: Heroism           |       |       |     1 |     3 |     4 |    10 |    15 |    16 |    28 ||    77
       Finesse           |       |       |       |     1 |     1 |     6 |     6 |     7 |    24 ||    45
 Abil: Heal Wounds       |       |     2 |     2 |    10 |     4 |    13 |     1 |       |       ||    32
       Dig               |       |       |       |       |       |       |     6 |     5 |    14 ||    25
       Evoke Invisibilit |       |       |       |       |       |       |     1 |       |       ||     1
Evoke: Wand              |       |       |       |     5 |       |     3 |    21 |     2 |     3 ||    34
       Tin of tremorston |       |       |       |       |       |       |       |       |     2 ||     2
  Use: Potion            |       |     2 |       |     1 |     1 |     1 |     7 |       |     4 ||    16
       Scroll            |       |       |       |     9 |    10 |    20 |     6 |     4 |    10 ||    59
 Stab: Paralysed         |       |       |     2 |     9 |       |       |       |       |       ||    11
       Confused          |       |       |       |     4 |       |     1 |       |       |       ||     5
       Petrifying        |       |       |       |     1 |       |       |       |       |       ||     1
       Held in net/web   |       |       |       |       |       |       |     2 |       |       ||     2
       Invisible         |       |       |       |       |       |       |     1 |       |       ||     1
  Eat: Removed food      |       |     4 |    12 |    17 |    21 |    25 |       |       |       ||    79
       Removed food      |       |       |       |       |       |     1 |       |       |       ||     1
Armor: Scale mail        |    33 |    11 |    54 |   107 |       |       |       |       |       ||   205
       Skin              |       |     3 |       |       |       |       |       |       |       ||     3
       Plate armour      |       |       |       |       |   388 |   699 |   701 |   834 |  1629 ||  4251
       Pearl dragon scal |       |       |       |       |    21 |       |       |       |       ||    21
Dodge: Dodged            |    40 |    24 |    64 |   143 |   208 |   357 |   455 |   770 |  1430 ||  3491
Block: Kite shield       |    42 |    21 |   113 |   296 |   606 |   356 |   976 |  1571 |  2916 ||  6897
       Tower shield      |       |       |       |       |       |  1601 |   439 |       |       ||  2040
       Reflection        |       |       |       |       |       |       |    51 |    53 |     3 ||   107

Table legend: (Time is in decaauts)
 A = Elapsed time spent in this place.
 B = Non-inter-level travel time spent in this place.
 C = Inter-level travel time spent in this place.
 D = Time resting spent in this place.
 E = Time spent auto-exploring this place.
 F = Levels seen in this place.
 G = Mean time per level.
                   A        B        C        D        E       F      G
               +--------+--------+--------+--------+--------+-----+--------+
         Total |  57671 |  52775 |   4896 |   5636 |  29325 |  59 |  977.5 |
       Dungeon |  15820 |  14056 |   1764 |   2581 |   7678 |  15 | 1054.7 |
          Lair |   5616 |   4939 |    677 |     25 |   3638 |   6 |  936.0 |
        Shoals |   4154 |   3878 |    276 |    364 |   1955 |   4 | 1038.5 |
   Spider Nest |   4270 |   3957 |    313 |    380 |   2161 |   4 | 1067.5 |
    Slime Pits |    816 |    816 |      0 |    175 |    356 |   5 |  163.2 |
  Orcish Mines |   2130 |   2006 |    124 |    225 |    915 |   2 | 1065.0 |
   Elven Halls |   3676 |   3495 |    181 |     82 |   1828 |   3 | 1225.3 |
        Vaults |   7701 |   6851 |    850 |    343 |   4273 |   5 | 1540.2 |
         Crypt |   3196 |   3051 |    145 |    275 |   1863 |   3 | 1065.3 |
        Depths |   7292 |   6790 |    502 |    532 |   3851 |   5 | 1458.4 |
          Hell |   1077 |   1017 |     60 |    126 |    492 |   1 | 1077.0 |
         Abyss |    806 |    806 |      0 |    251 |     84 |   3 |  268.7 |
        Bazaar |     56 |     56 |      0 |      0 |     17 |   1 |   56.0 |
        Bailey |    540 |    540 |      0 |    142 |     77 |   1 |  540.0 |
      Gauntlet |    514 |    514 |      0 |    132 |    134 |   1 |  514.0 |
               +--------+--------+--------+--------+--------+-----+--------+

Top non-repeatable levels by time:
Depths:4: 1872 daAuts
Vaults:2: 1681 daAuts
Vaults:4: 1614 daAuts
Vaults:1: 1572 daAuts
Depths:2: 1462 daAuts
Depths:3: 1440 daAuts
Depths:5: 1439 daAuts
Vaults:5: 1434 daAuts
Vaults:3: 1399 daAuts
   Elf:3: 1398 daAuts
Spider:4: 1363 daAuts
 Crypt:3: 1268 daAuts
   Elf:2: 1238 daAuts
 Crypt:2: 1168 daAuts
Shoals:4: 1106 daAuts
Note: time per level data comes from an upgraded game and may be incomplete.
